Map: Templo congelado

Players

GothicGhost - Winner!

  • Race: Protoss Protoss

LiquidMaNa

  • Race: Protoss Protoss

VOD

Have the link to the VOD?

Description

Time

  • Played on: April 28, 2016, 2:09 a.m.
  • Length: 5:47
Show
View Real Time Build Order
Export as new Build Order

GothicGhost Protoss - Winner!

Build Orders: Oracle Opening 

Get SALT Encoding   

  12  0:01  Probe (Chrono Boost)  
  13  0:12  Probe (Chrono Boost)  
  14  0:18  Pylon  
  14  0:24  Probe (Chrono Boost)  
  15  0:36  Probe (Chrono Boost)  
  15  0:37  Gateway  
  16  0:47  Probe (Chrono Boost)  
  16  0:49  Assimilator  
  17  0:55  Assimilator  
  17  0:57  Probe (Chrono Boost)  
  17  1:02  Pylon  
  18  1:09  Probe (Chrono Boost)  
  19  1:20  Probe (Chrono Boost)  
  20  1:26  Cybernetics Core  
  20  1:30  Probe (Chrono Boost)  
  21  1:37  Gateway  
  21  1:41  Probe (Chrono Boost)  
  22  1:51  Probe (Chrono Boost)  
  23  1:54  Pylon  
  23  2:02  Stalker  
  25  2:09  Mothership Core (Chrono Boost)  
  25  2:12  Warp Gate (Chrono Boost)  
  27  2:24  Stalker  
  29  2:32  Stalker  
  31  2:43  Stargate  
  31  2:49  Pylon  
  31  3:07  Gateway  
  31  3:14  Stalker x2  
  31  3:18  Pylon  
  35  3:28  Oracle (Chrono Boost)  
  42  4:03  Void Ray (Chrono Boost)  
  42  4:31  Stalker  
  42  4:32  Stalker x2  
  48  4:39  Pylon  
  48  4:50  Void Ray (Chrono Boost)  
  50  5:09  Stalker x2  
  50  5:13  Zealot  
Show
View Real Time Build Order
Export as new Build Order

LiquidMaNa Protoss 

Build Orders: 1 Gate Expand 

Get SALT Encoding   

  12  0:02  Probe (Chrono Boost)  
  13  0:12  Probe (Chrono Boost)  
  14  0:20  Pylon  
  14  0:23  Probe (Chrono Boost)  
  15  0:38  Probe (Chrono Boost)  
  15  0:40  Gateway  
  16  0:46  Assimilator  
  16  0:49  Probe (Chrono Boost)  
  17  0:58  Pylon  
  17  1:01  Probe (Chrono Boost)  
  18  1:15  Probe (Chrono Boost)  
  20  1:25  Probe (Chrono Boost)  
  20  1:30  Nexus  
  20  1:42  Cybernetics Core  
  20  1:48  Pylon  
  20  1:53  Assimilator  
  20  2:07  Probe (Chrono Boost)  
  21  2:20  Warp Gate (Chrono Boost)  
  21  2:23  Mothership Core (Chrono Boost)  
  21  2:25  Gateway  
  21  2:27  Stalker  
  25  2:45  Probe (Chrono Boost)  
  26  2:53  Robotics Facility  
  26  2:57  Gateway  
  26  3:00  Probe (Chrono Boost)  
  26  3:03  Probe (Chrono Boost)  
  28  3:12  Probe (Chrono Boost)  
  28  3:21  Probe (Chrono Boost)  
  28  3:25  Pylon  
  28  3:26  Stalker (Chrono Boost)  
  31  3:57  Immortal  
  31  3:59  Probe  
  36  4:05  Pylon  
  36  4:09  Probe  
  30  4:47  Stalker x2  
  30  4:49  Stalker  
  36  5:01  Probe  
  37  5:16  Stalker x2  
  37  5:18  Stalker  
Tags
 
Add a new tag
Caveats
  • Supply blocks, unpowered buildings, or Contaminate may cause inaccurate times.
  • Supply counts are checked every 10 seconds.